Map: El Dorado

Players

iPlayDefense

  • Race: Terran Terran
  • League: Bronze
  • Spawn Location: 5:00

Viper - Winner!

  • Race: Protoss Protoss
  • League: Gold
  • Spawn Location: 7:00

VOD

Have the link to the VOD?

Description

Time

  • Played on: April 12, 2025, 9:38 p.m.
  • Length: 9:44
Show
View Real Time Build Order
Export as new Build Order

iPlayDefense Terran 

Build Orders:  

Get SALT Encoding   

  12  0:00  SCV  
  13  0:15  Supply Depot  
  13  0:22  Refinery  
  13  0:25  SCV  
  14  0:40  Barracks  
  14  0:53  Supply Depot  
  14  0:58  SCV  
  15  1:10  SCV  
  16  1:29  Orbital Command  
  16  1:30  Barracks Reactor  
  16  2:11  Command Center  
  16  2:22  SCV  
  17  2:23  Marine x2  
  19  2:34  SCV  
  20  2:46  SCV  
  21  2:53  Factory  
  21  2:56  Marine x2  
  22  3:13  SCV  
  22  3:15  Marine x2  
  25  3:25  Supply Depot, SCV  
  26  3:34  Barracks  
  26  3:35  Barracks  
  26  3:37  SCV  
  26  3:41  Orbital Command  
  27  3:44  Marine x2  
  27  3:47  Supply Depot  
  29  3:53  Factory Tech Lab  
  29  4:02  Marine  
  30  4:05  Starport  
  30  4:12  SCV  
  30  4:13  SCV  
  30  4:14  Marine  
  33  4:20  Marine  
  34  4:25  SCV  
  34  4:26  Barracks Tech Lab x2  
  35  4:33  Siege Tank  
  35  4:38  Supply Depot  
  38  4:49  SCV, Refinery  
  38  4:52  Starport Reactor  
  39  5:01  Supply Depot  
  39  5:05  Supply Depot  
  39  5:09  SCV  
  39  5:10  SCV  
  39  5:12  Marine x2  
  43  5:19  Marauder x2  
  47  5:21  SCV  
  48  5:29  Supply Depot  
  48  5:30  Marine x2  
  48  5:34  Combat Shield  
  48  5:35  Stimpack  
  50  5:40  SCV x2, Marine, Marauder  
  55  5:47  Marine  
  55  5:48  Marine  
  57  5:51  Supply Depot  
  57  5:52  SCV  
  58  6:21  Armory  
  58  6:24  Engineering Bay  
  58  6:25  SCV  
  58  6:26  SCV  
  58  6:27  Marine x4  
  58  6:30  Siege Tank  
  67  6:38  SCV  
  68  6:46  Marauder x2  
  72  6:53  Refinery  
  72  6:56  Refinery  
  72  6:58  Liberator  
  75  7:07  Marauder x2  
  79  7:15  Barracks  
  79  7:18  SCV  
  79  7:19  SCV, Marine  
  79  7:20  Marine  
  83  7:28  Supply Depot, Marine x2  
  85  7:31  SCV  
  86  7:45  Terran Infantry Weapons Level 1  
  86  7:46  Marauder x2  
  86  7:47  Concussive Shells  
  91  7:58  SCV x2  
  91  7:59  Marine x2  
  91  8:03  Barracks  
  94  8:07  Marine  
  94  8:08  Marauder  
  94  8:10  SCV  
  98  8:17  Marine, Medivac  
  101  8:25  Marauder  
  103  8:29  Marauder  
  103  8:30  SCV x2  
  103  8:31  Marine, Barracks Reactor  
  108  8:34  Medivac  
  108  8:40  Supply Depot  
  108  8:41  Supply Depot  
  110  8:55  SCV  
  110  8:56  Marauder, Barracks Reactor  
  110  9:01  Marine x3  
  114  9:17  Marauder  
  114  9:19  Marauder  
  114  9:29  Factory  
Show
View Real Time Build Order
Export as new Build Order

Viper Protoss - Winner!

Build Orders:  

Get SALT Encoding   

  1  0:00  Probe  
  12  0:05  Probe  
  14  0:18  Pylon  
  14  0:23  Probe  
  15  0:36  Probe  
  16  0:50  Assimilator, Probe  
  16  0:53  Forge  
  17  1:00  Probe  
  18  1:08  Probe  
  18  1:11  Pylon  
  18  1:17  Probe  
  20  1:32  Gateway  
  20  1:33  Probe  
  21  1:45  Probe  
  22  1:47  Pylon  
  22  1:53  Assimilator  
  22  1:57  Probe  
  23  2:02  Protoss Ground Weapons Level 1  
  23  2:09  Probe  
  24  2:17  Nexus  
  24  2:18  Probe  
  25  2:26  Probe  
  25  2:33  Zealot  
  28  2:42  Cybernetics Core  
  28  2:44  Probe  
  29  2:56  Probe  
  30  3:09  Warp Gate  
  30  3:10  Probe  
  30  3:11  Gateway  
  30  3:18  Probe  
  32  3:27  Stargate  
  32  3:28  Probe x2  
  34  3:36  Probe  
  34  3:40  Probe, Photon Cannon  
  36  3:46  Probe  
  37  3:52  Probe  
  38  3:58  Probe  
  38  3:59  Photon Cannon  
  39  4:04  Probe  
  39  4:05  Pylon  
  38  4:10  Probe  
  38  4:16  Probe  
  40  4:19  Fleet Beacon  
  40  4:23  Probe  
  41  4:28  Probe  
  42  4:31  Assimilator  
  42  4:33  Probe  
  42  4:37  Gateway  
  43  4:40  Probe  
  43  4:41  Probe  
  43  4:42  Assimilator  
  45  4:51  Probe  
  45  4:54  Stargate  
  45  4:59  Probe  
  47  5:03  Tempest, Probe  
  48  5:11  Protoss Air Armor Level 1, Probe  
  53  5:15  Probe  
  54  5:23  Probe  
  54  5:27  Probe  
  56  5:33  Stargate  
  56  5:35  Probe  
  57  5:38  Tempest  
  57  5:39  Probe  
  57  5:41  Nexus  
  58  5:44  Assimilator  
  62  5:55  Pylon  
  62  5:58  Pylon  
  62  6:08  Pylon  
  62  6:10  Tempest  
  62  6:13  Probe x2  
  62  6:18  Photon Cannon  
  64  6:25  Tempest, Probe x2  
  74  6:39  Photon Cannon  
  74  6:41  Tempest  
  78  6:53  Probe  
  78  6:58  Assimilator  
  78  7:01  Probe  
  79  7:06  Tempest, Pylon  
  84  7:11  Probe  
  84  7:12  Tempest  
  89  7:23  Probe  
  89  7:25  Pylon  
  89  7:29  Tempest  
  94  7:35  Probe  
  95  7:44  Unknown  
  95  7:47  Probe  
  95  7:50  Tempest  
  100  7:55  Tempest  
  104  7:59  Probe  
  105  8:11  Probe  
  106  8:16  Photon Cannon  
  106  8:21  Tempest  
  106  8:23  Probe  
  111  8:30  Robotics Facility  
  111  8:43  Photon Cannon  
  111  8:44  Probe  
  112  8:52  Probe  
  112  8:59  Tempest  
  117  9:16  Photon Cannon  
Tags
 
Matchup
PvT
Replay Pack
DaveSC2
Spawn Locations
Close Positions
Add a new tag
Caveats
  • Supply blocks, unpowered buildings, or Contaminate may cause inaccurate times.
  • Supply counts are checked every 10 seconds.